 Dungeon Crawl Stone Soup version 0.21-a0-538-gd16b88a (webtiles) character file.

19 theanonym the Chopper (level 2, -5/27 HPs)
             Began as a Hill Orc Monk on Dec 16, 2017.
             Slain by a gnoll
             ... wielding a +0 halberd
              (14 damage)
             ... on level 1 of the Dungeon.
             The game lasted 00:01:41 (900 turns).

theanonym the Chopper (Hill Orc Monk)                Turns: 900, Time: 00:01:41

Health: -5/27      AC:  5    Str: 13    XL:     2   Next: 75%
Magic:  2/2        EV: 10    Int:  7    God:
Gold:   38         SH:  3    Dex: 13    Spells: 1/1 levels left

rFire    . . .     SeeInvis +   a - +0 hand axe
rCold    . . .     Gourm    .   d - +0 buckler (curse)
rNeg     . . .     Faith    .   n - +0 ring mail {7}
rPois    .         Spirit   .   (no helmet)
rElec    .         Reflect  .   (no cloak)
rCorr    .         Harm     .   (no gloves)
MR       .....                  (no boots)
Stlth    +.........             (no amulet)
HPRegen  0.09/turn              h - ring of see invisible {SInv}
MPRegen  0.08/turn              i - -3 ring of intelligence (curse)

@: no status effects
A: no striking features
a: no special abilities


   Skills:
 + Level 4.0 Fighting
 * Level 4.9 Axes
 - Level 2.4 Dodging
 - Level 1.5 Stealth


You had one spell level left.
You didn't know any spells.

Skill      XL: |  1  2 |
---------------+-------+-----
Fighting       | 4 |  4.0
Axes           | |  4.9
Dodging        | |  2.4
Stealth        | |  1.5

Action                   || total
-------------------------++-------
Melee: Hand axe          ||    58
Throw: Throwing net      ||     1
 Stab: Sleeping          ||     2
Armor: Ring mail         ||     9
       Robe              ||     3
Dodge: Dodged            ||    23
Block: Buckler           ||    10

Inventory:

Hand Weapons
 a - a +0 hand axe (weapon)
 b - a +0 hunting sling
   (You found it on level 1 of the Dungeon)
Armour
 d - a cursed +0 buckler (worn)
   (You found it on level 1 of the Dungeon)
 n - a +0 ring mail (worn) {7}
   (You found it on level 1 of the Dungeon)
 o - a +0 robe {0}
Jewellery
 h - a ring of see invisible (left hand) {SInv}
   (You found it on level 1 of the Dungeon)
 i - a cursed -3 ring of intelligence (right hand)
   (You found it on level 1 of the Dungeon)
Scrolls
 g - a scroll of magic mapping {unknown}
 j - 2 scrolls of remove curse {unknown}
 m - a scroll of immolation {unknown}
Potions
 c - 2 potions of curing {unknown}
 l - a potion of lignification {unknown}
Comestibles
 e - a bread ration
 f - 3 chunks of flesh


You were on level 1 of the Dungeon.
You were not hungry.

You visited 1 branch of the dungeon, and saw 1 of its levels.

You collected 38 gold pieces.

Dungeon Overview and Level Annotations

Branches:
Dungeon (1/15)

Altars:


Message History

Adjust to which letter? (? for menu, Esc to quit)
b - a hunting sling;
o - a +0 robe {0} Put on which piece of jewellery? (? for menu, Esc to quit)
h - a ring of see invisible (left hand) Put on which piece of jewellery? (? for menu, Esc to quit)
You feel stupid.
Oops, that ring feels deathly cold.
i - a cursed -3 ring of intelligence (right hand)
Okay, then.
Unknown command.
There is an escape hatch in the floor here. 2 goblins come into view.
The goblin shouts! x2
Found 20 gold pieces.
There are monsters nearby!
There are monsters nearby!
There are monsters nearby!
You closely miss the goblin. You block the goblin's attack.
You slash the goblin!
You kill the goblin!
Your Fighting skill increases to level 4!
The goblin hits you but does no damage.
You hit the goblin but do no damage. The goblin hits you but does no damage.
Your shield prevents you from hitting the goblin.
The goblin hits you but does no damage.
You hit the goblin but do no damage. The goblin hits you but does no damage.
You completely miss the goblin. The goblin hits you but does no damage.
You closely miss the goblin. The goblin closely misses you.
You hit the goblin.
You kill the goblin!
No target in view!
No target in view!
You butcher the goblin corpse.
f - 2 chunks of flesh (gained 1)
You see here a club.
You now have 38 gold pieces (gained 20).
A bat comes into view.
A bat is nearby!
A bat is nearby!
A bat is nearby!
A bat is nearby!
The bat hits you but does no damage. You block the bat's attack.
You hit the bat.
You kill the bat!
No target in view!
No target in view!
No target in view!
You butcher the bat corpse.
f - 3 chunks of flesh (gained 1)
The bat is too close now for your liking.
A bat is nearby!
A bat is nearby!
A rat comes into view.
You block the bat's attack. The bat hits you but does no damage. x2
You hit the bat. The bat hits you but does no damage.
You closely miss the bat. The bat hits you but does no damage.
No target in view!
No target in view!
No target in view!
The bat barely misses you.
The rat is too close now for your liking.
There are monsters nearby!
There are monsters nearby!
There are monsters nearby!
You hit the bat.
You kill the bat!
You hit the rat.
You kill the rat!
No target in view!
No target in view!
No target in view!
You butcher the bat corpse.
f - 4 chunks of flesh (gained 1)
The gnoll is too close now for your liking.
A gnoll is nearby!
A gnoll is nearby!
A gnoll is nearby!
The gnoll hits you from afar with a halberd!
You take 11 damage, and have 16/27 hp.
MASSIVE DAMAGE!!
You hit the gnoll. The gnoll barely misses you.
You hit the gnoll. You block the gnoll's attack.
Your shield and ring mail prevent you from hitting the gnoll.
The gnoll hits you with a halberd!
* * * LOW HITPOINT WARNING * * *
You take 10 damage, and have 6/27 hp.
MASSIVE DAMAGE!!
You are too injured to fight recklessly!
You are too injured to fight recklessly!
You are too injured to fight recklessly!
The gnoll closely misses you.
Unknown command.
Some of the chunks of flesh in your inventory have rotted away.
Unknown command.
Aim: a gnoll, wielding a halberd (moderately wounded)
You throw a throwing net.
The throwing net closely misses the gnoll.
The gnoll hits you from afar with a halberd!
Ouch! That really hurt!
You die...

..###.....#...##.# ..............
.#........#....#.#..#............
.#.##.#........#.#..#............
.#.##.........##.#..#............
.#........#.........#.#.#.###....
.#######.#######........#.###...#
.#.....#.......#....#............
.#.###)#.#.#####.#......#.###...#
.#.#.#.#.#.....#@#.#....#.# #####
.#.#.#.#.#####.#.#.#...##.#######
.#...#.#.#...#.#g#.............##
.#####.#.#.#.#.#.####.###.####.#.
.#.......#.#.#.#..........# #.#.
.#######.#.#.#.#....#.##### #.#.
.........#.#<#.#....#.#...# #...
########.#.#.#.#(....)..#.# #...
#.......#.#.#.#..)....##.# #...


You could see a gnoll.

Notes
Turn   | Place    | Note
-------+----------+-------------------------------------------
     0 | D:1      | theanonym the Hill Orc Monk began the quest for the Orb.
     0 | D:1      | Reached XP level 1. HP: 19/19 MP: 1/1
   279 | D:1      | Reached XP level 2. HP: 27/27 MP: 2/2
   427 | D:1      | HP: 12/27 [hobgoblin/club (4)]
   758 | D:1      | Reached skill level 4 in Fighting
   875 | D:1      | HP: 6/27 [gnoll/halberd (10)]
   900 | D:1      | Slain by a gnoll

Vanquished Creatures
  2 giant cockroaches (D:1)
  3 goblins (D:1)
  5 hobgoblins (D:1)
  2 bats (D:1)
  A frilled lizard (D:1)
  A kobold (D:1)
  3 rats (D:1)
17 creatures vanquished.

Table legend:
 A = Turns spent in this place as a percentage of turns spent in the entire game.
 B = Non-inter-level travel turns spent in this place as a percentage of non-inter-level travel turns spent in the entire game.
 C = Inter-level travel turns spent in this place as a percentage of turns spent in this place.
 D = Turns resting spent in this place as a percentage of non-inter-level travel turns spent in this place.
 E = Turns spent auto-exploring this place as a percentage of non-inter-level travel turns spent in this place.
 F = Non-inter-level travel turns spent in this place divided by the number of levels of this place that you've seen.
                   A       B       C       D       E      F
               +-------+-------+-------+-------+-------+----------------------
         Total | 100.0 | 100.0 |   0.0 |  33.1 |  44.8 | 900.0
       Dungeon | 100.0 | 100.0 |   0.0 |  33.1 |  44.8 | 900.0
               +-------+-------+-------+-------+-------+----------------------
